 Dungeon Crawl Stone Soup version 0.29.0-4-gdea44cf6ec (webtiles) character file.

Game seed: 15939785173037106862

1404 qw the Cleaver (level 8, -5/48 HPs)
             Began as a Tengu Warper on Aug 28, 2022.
             Slain by a wight
             ... wielding a +6 battleaxe
              (19 damage)
             ... on level 5 of the Dungeon.
             The game lasted 00:00:44 (5727 turns).

qw the Cleaver (Tengu Warper)                       Turns: 5727, Time: 00:00:45

Health: -5/48      AC: 16    Str: 14    XL:     8   Next: 69%
Magic:  12/12      EV:  5    Int: 13    God:
Gold:   241        SH:  0    Dex: 14    Spells: 11/11 levels left

rFire   . . .      SeeInvis .   l - +1 hand axe (vamp)
rCold   . . .      Faith    .   (no shield)
rNeg    . . .      Spirit   .   d - +1 plate armour
rPois   .          Reflect  .   (helmet restricted)
rElec   .          Harm     .   (no cloak)
rCorr   +          Rampage  .   i - +2 pair of gloves
Will    +....                   (boots unavailable)
Stlth   ..........              (no amulet)
HPRegen 0.16/turn               k - ring of willpower
MPRegen 0.13/turn               n - ring of resist corrosion

@: flying quickly and evasively, quick
A: beak, talons 3, nimble flight
a: no special abilities


You were on level 5 of the Dungeon.
You visited 1 branch of the dungeon, and saw 5 of its levels.
You also visited: Sewer.

You collected 241 gold pieces.


Innate Abilities, Weirdness & Mutations

You have a beak for a mouth.
You have claws for feet.
Your magical nature lets you fly swiftly and evasively.


   Skills:
 - Level 4.1 Fighting
 + Level 9.9 Axes
 - Level 1.0 Throwing
 - Level 4.4 Armour
 - Level 2.1 Dodging
 - Level 2.0 Spellcasting
 - Level 2.4 Translocations


You had 11 spell levels left.
You didn't know any spells.
Your spell library contained the following spells:

 Spells                   Type           Power      Damage    Failure   Level
 Blink                    Tloc           14%        N/A       100%        2
 Gell's Gravitas          Tloc           7%         N/A       100%        3
 Lesser Beckoning         Tloc           7%         N/A       100%        3
 Teleport Other           Tloc           7%         N/A       100%        3
 Manifold Assault         Tloc           7%         N/A       100%        5

Inventory:

Hand Weapons
 h - a +0 flail
 l - a +1 vampiric hand axe (weapon)
Armour
 d - a +1 plate armour (worn)
 i - a +2 pair of gloves (worn)
 m - the +5 scale mail of the Assorted Knives {rF- rN+ Slay+5}
   (You found it on level 5 of the Dungeon)

   Slay:      It affects your accuracy & damage with ranged weapons and melee
   (+5).
   rF:        It makes you vulnerable to fire.
   rN:        It protects you from negative energy.
Jewellery
 k - a ring of willpower (left hand)
 n - a ring of resist corrosion (right hand)
Scrolls
 e - 4 scrolls of teleportation
 g - a scroll of identify
Potions
 a - 3 potions of heal wounds
 c - a potion of lignification {unknown}
 f - a potion of curing
 o - a potion of might {unknown}

Dungeon Overview and Level Annotations

Branches:
Dungeon (5/15)              Sewer (visited)
 Temple: D:4-7

Altars:
Hepliaklqana
Xom


Message History

You destroy the wight!
You hit the wight but do no damage. You hit the necrophage.
The necrophage hits you.
You feel drained.
Your life force feels restored.
You closely miss the necrophage. You claw the necrophage.
The necrophage is heavily damaged.
You hit the wight but do no damage. You hit the dart slug.
You feel better.
The necrophage hits you but does no damage.
The wight completely misses you.
You barely miss the necrophage. Your kick misses the necrophage.
You peck the necrophage.
The necrophage is severely damaged.
You hit the dart slug. You hit the wight.
The dart slug bites you but does no damage.
You hit the necrophage.
The necrophage is severely damaged.
You hit the dart slug.
You feel better.
You barely miss the wight.
The necrophage hits you but does no damage.
The wight hits you with a +2 dire flail.
You hit the dart slug.
You feel better.
You kill the dart slug!
You closely miss the wight. You closely miss the necrophage.
The wight closely misses you. The necrophage hits you.
You slash the necrophage! Your kick misses the necrophage.
You peck the necrophage.
You destroy the necrophage!
You closely miss the wight. You hit the wight but do no damage.
The wight hits you with a +6 battleaxe.
You feel drained.
The wight hits you with a +2 dire flail.
Your life force feels restored.
You closely miss the wight. You claw the wight.
The wight is severely damaged.
You hit the wight. The wight completely misses you.
The wight hits you with a +2 dire flail.
You hit the wight but do no damage. You claw the wight.
You destroy the wight!
You hit the wight.
The wight hits you with a +6 battleaxe!!
You die...

.+......W.......................#
##...####'#######'####....../...#
##...# #.## ##.# #..........#
#....# #..##+##..# #.##.......#
#..#.# #.(..#....# .#..#..%.##..
#....# ##.......##zw#..#.......#
....W# +.......'.z.#..+..####..
#....# ##......z## #..#...#.#.#
#.##.# ##.......@)## #..#..#.#...
#.##.###...........###..#..####.#
.....+...............'..#... ....
..##.######.....######..#########
..##.# +#...#+ #..# #######
....W# ##.## #..# #...... ####.#
#.# #.## #...... #.# #.# #.#
#...... #.########+########.#
#......


You could see a wight.

Vanquished Creatures
  Grinder (D:3)
  An ice beast (D:5)
  A black bear (D:5)
  A phantom (D:5)
  2 kobold brigands (Sewer)
  A necrophage (D:5)
  A scorpion (D:5)
  5 wights
  2 hounds (D:5)
  A jelly (D:4)
  4 iguanas
  Ijyb (D:5)
  Robin (D:3)
  4 gnolls (D:2)
  6 adders
  4 river rats (Sewer)
  5 worms
  4 dart slugs
  7 orcs
  8 bats
  11 endoplasms
  9 giant cockroaches
  16 goblins
  4 hobgoblins
  2 jackals (Sewer)
  17 kobolds
  3 quokkas
  7 ball pythons
  7 frilled lizards
  8 rats
144 creatures vanquished.

Vanquished Creatures (others)
  17 plants (D:2)
17 creatures vanquished.

Grand Total: 161 creatures vanquished

Notes
Turn   | Place    | Note
-------+----------+-------------------------------------------
     0 | D:1      | qw the Tengu Warper began the quest for the Orb.
     0 | D:1      | Reached XP level 1. HP: 12/12 MP: 4/4
     0 | D:1      | 0 ||| qw: Version: 0.1-a-89-g26bdef1
     0 | D:1      | 0 ||| qw: Game counter: 1216
     0 | D:1      | 0 ||| qw: Always use a shield: true
     0 | D:1      | 0 ||| qw: God list: Okawaru
     0 | D:1      | 0 ||| qw: Allow faded altars: false
     0 | D:1      | 0 ||| qw: Do Orc after D:15 true
     0 | D:1      | 0 ||| qw: Do second Lair branch before Depths: true
     0 | D:1      | 0 ||| qw: Lair rune preference: random
     0 | D:1      | 0 ||| qw: Plans: Normal
     0 | D:1      | 0 ||| PLANNING D:1-11
   172 | D:1      | 172 ||| Stepping ~*~*~tactically~*~*~ (hiding).
   185 | D:1      | Reached XP level 2. HP: 14/17 MP: 6/6
   232 | D:1      | Reached skill level 3 in Axes
  1023 | D:1      | 1023 ||| UPGRADING to +0 ring mail.
  1033 | D:1      | 1033 ||| DROPPING +0 leather armour.
  1034 | D:1      | 1034 ||| UPGRADING to +2 pair of gloves.
  1039 | D:1      | 1039 ||| READING scroll labelled KUISHUE UP ICI.
  1042 | D:1      | 1042 ||| READING scroll labelled IMEW YNGUBISTI.
  1043 | D:1      | 1043 ||| DROPPING scroll of blinking.
  1104 | D:2      | Reached XP level 3. HP: 7/21 MP: 7/7
  1311 | D:2      | Reached skill level 4 in Axes
  1425 | D:2      | Reached XP level 4. HP: 23/26 MP: 8/8
  1425 | D:2      | 1425 ||| FLEEEEING.
  1426 | D:2      | 1426 ||| FLEEEEING.
  1427 | D:2      | 1427 ||| Stepping ~*~*~tactically~*~*~ (hiding).
  1443 | D:2      | Reached skill level 5 in Axes
  1629 | D:2      | 1629 ||| FLEEEEING.
  1678 | D:2      | 1678 ||| DROPPING +0 whip.
  1756 | D:2      | 1756 ||| Stepping ~*~*~tactically~*~*~ (stealth).
  1757 | D:2      | 1757 ||| Stepping ~*~*~tactically~*~*~ (stealth).
  1759 | D:2      | 1759 ||| Stepping ~*~*~tactically~*~*~ (stealth).
  1804 | D:2      | 1804 ||| Stepping ~*~*~tactically~*~*~ (stealth).
  1806 | D:2      | 1806 ||| Stepping ~*~*~tactically~*~*~ (stealth).
  1819 | D:2      | 1819 ||| FLEEEEING.
  1820 | D:2      | 1820 ||| FLEEEEING.
  1821 | D:2      | 1821 ||| FLEEEEING.
  1822 | D:2      | 1822 ||| FLEEEEING.
  1823 | D:2      | 1823 ||| FLEEEEING.
  1824 | D:2      | 1824 ||| FLEEEEING.
  1826 | D:2      | 1826 ||| FLEEEEING.
  1827 | D:2      | 1827 ||| FLEEEEING.
  1828 | D:2      | 1828 ||| FLEEEEING.
  1829 | D:2      | 1829 ||| FLEEEEING.
  1830 | D:2      | 1830 ||| FLEEEEING.
  1831 | D:2      | 1831 ||| FLEEEEING.
  1832 | D:2      | 1832 ||| FLEEEEING.
  1833 | D:2      | 1833 ||| FLEEEEING.
  1834 | D:2      | 1834 ||| FLEEEEING.
  1835 | D:2      | 1835 ||| FLEEEEING.
  1836 | D:2      | 1836 ||| FLEEEEING.
  1837 | D:2      | 1837 ||| FLEEEEING.
  1838 | D:2      | 1838 ||| FLEEEEING.
  1839 | D:2      | 1839 ||| FLEEEEING.
  1840 | D:2      | 1840 ||| FLEEEEING.
  1841 | D:2      | 1841 ||| FLEEEEING.
  1926 | D:2      | 1926 ||| Stepping ~*~*~tactically~*~*~ (hiding).
  1944 | D:2      | 1944 ||| Stepping ~*~*~tactically~*~*~ (stealth).
  1947 | D:2      | 1947 ||| Stepping ~*~*~tactically~*~*~ (stealth).
  1951 | D:2      | 1951 ||| Stepping ~*~*~tactically~*~*~ (stealth).
  1959 | D:2      | Gained mutation: Your magical nature lets you fly swiftly
                  | and evasively. [Tengu growth]
  1959 | D:2      | Reached XP level 5. HP: 30/30 MP: 9/9
  2343 | D:2      | 2343 ||| UPGRADING to ring of willpower.
  2344 | D:2      | 2344 ||| READING scroll labelled WEAKASTOTOTS.
  2345 | D:2      | 2345 ||| READING 3 scrolls labelled TEEDOS WIAFOI.
  2346 | D:2      | 2346 ||| READING scroll labelled IPETTI SUIRAI.
  2347 | D:2      | 2347 ||| READING scroll labelled HAXKUX GALIT.
  2348 | D:2      | 2348 ||| READING 2 scrolls of identify.
  2348 | D:2      | 2348 ||| IDENTIFYING golden potion
  2353 | D:2      | 2353 ||| Stepping ~*~*~tactically~*~*~ (hiding).
  2462 | D:2      | 2462 ||| UPGRADING to +0 plate armour.
  2472 | D:2      | 2472 ||| DROPPING +0 ring mail.
  2473 | D:2      | 2473 ||| READING scroll labelled IPPAQO WYUJ.
  2474 | D:2      | 2474 ||| Stepping randomly (stuck).
  2475 | D:2      | 2475 ||| Stepping ~*~*~tactically~*~*~ (cloud).
  2482 | D:2      | HP: 7/30 [poisoned by you (poison gas)]
  2730 | D:3      | 2730 ||| PLANNING SEWER
  2734 | D:3      | 2734 ||| STAIRDANCE
  2810 | D:3      | 2810 ||| FLEEEEING.
  2811 | D:3      | 2811 ||| FLEEEEING.
  2815 | D:3      | 2815 ||| FLEEEEING.
  2816 | D:3      | 2816 ||| FLEEEEING.
  2817 | D:3      | 2817 ||| FLEEEEING.
  2818 | D:3      | 2818 ||| FLEEEEING.
  2911 | D:3      | Noticed Robin
  2912 | D:3      | 2912 ||| Stepping ~*~*~tactically~*~*~ (stealth).
  2914 | D:3      | 2914 ||| Stepping ~*~*~tactically~*~*~ (hiding).
  2919 | D:3      | 2919 ||| Stepping ~*~*~tactically~*~*~ (hiding).
  2920 | D:3      | 2920 ||| Stepping ~*~*~tactically~*~*~ (hiding).
  2921 | D:3      | 2921 ||| FLEEEEING.
  2922 | D:3      | 2922 ||| FLEEEEING.
  2935 | D:3      | Killed Robin
  3017 | D:3      | 3017 ||| Stepping ~*~*~tactically~*~*~ (stealth).
  3019 | D:3      | 3019 ||| Stepping ~*~*~tactically~*~*~ (stealth).
  3025 | D:3      | Reached skill level 6 in Axes
  3046 | D:3      | Found a glowing drain.
  3056 | D:3      | 3056 ||| READING scroll labelled GIATSO OGROI.
  3074 | Sewer    | Entered a sewer
  3100 | Sewer    | Reached skill level 3 in Armour
  3100 | Sewer    | Reached XP level 6. HP: 15/35 MP: 10/10
  3370 | Sewer    | Reached skill level 7 in Axes
  3374 | Sewer    | 3374 ||| Stepping ~*~*~tactically~*~*~ (stealth).
  3408 | Sewer    | Found a glowing silver altar of Zin.
  3421 | Sewer    | 3421 ||| DROPPING potion of flight.
  3442 | D:3      | 3442 ||| PLANNING D:1-11
  3657 | D:3      | Found a hazy altar of Hepliaklqana.
  3665 | D:3      | Noticed Grinder
  3671 | D:3      | Paralysed by Grinder for 3 turns
  3686 | D:3      | 3686 ||| FLEEEEING.
  3687 | D:3      | 3687 ||| FLEEEEING.
  3688 | D:3      | 3688 ||| FLEEEEING.
  3858 | D:3      | Killed Grinder
  3859 | D:3      | Reached XP level 7. HP: 42/43 MP: 11/11
  4022 | D:3      | 4022 ||| READING scroll labelled WUZXASA YMALL.
  4344 | D:4      | 4344 ||| Stepping ~*~*~tactically~*~*~ (stealth).
  4346 | D:4      | 4346 ||| Stepping ~*~*~tactically~*~*~ (stealth).
  4373 | D:4      | Reached skill level 8 in Axes
  4719 | D:4      | Identified the +0 pair of boots "Jozenles" {rElec Dex+2}
  4933 | D:4      | 4933 ||| DRINKING 2 green potions.
  4934 | D:4      | 4934 ||| DROPPING potion of magic.
  4957 | D:5      | Entered Level 5 of the Dungeon
  4981 | D:5      | 4981 ||| Stepping ~*~*~tactically~*~*~ (stealth).
  5014 | D:5      | Reached XP level 8. HP: 34/48 MP: 12/12
  5114 | D:5      | Noticed Ijyb
  5115 | D:5      | 5115 ||| Stepping ~*~*~tactically~*~*~ (hiding).
  5127 | D:5      | Killed Ijyb
  5299 | D:5      | Identified the +5 scale mail of the Assorted Knives {rF-
                  | rN+ Slay+5}
  5349 | D:5      | Reached skill level 9 in Axes
  5504 | D:5      | Found a shimmering altar of Xom.
  5507 | D:5      | 5507 ||| Stepping ~*~*~tactically~*~*~ (stealth).
  5531 | D:5      | 5531 ||| FLEEEEING.
  5532 | D:5      | 5532 ||| FLEEEEING.
  5533 | D:5      | 5533 ||| FLEEEEING.
  5534 | D:5      | 5534 ||| FLEEEEING.
  5535 | D:5      | 5535 ||| FLEEEEING.
  5536 | D:5      | 5536 ||| FLEEEEING.
  5537 | D:5      | 5537 ||| FLEEEEING.
  5541 | D:5      | 5541 ||| FLEEEEING.
  5542 | D:5      | 5542 ||| FLEEEEING.
  5543 | D:5      | 5543 ||| FLEEEEING.
  5544 | D:5      | 5544 ||| FLEEEEING.
  5545 | D:5      | 5545 ||| FLEEEEING.
  5546 | D:5      | 5546 ||| FLEEEEING.
  5550 | D:5      | 5550 ||| FLEEEEING.
  5551 | D:5      | 5551 ||| FLEEEEING.
  5552 | D:5      | 5552 ||| FLEEEEING.
  5553 | D:5      | 5553 ||| FLEEEEING.
  5559 | D:5      | 5559 ||| FLEEEEING.
  5560 | D:5      | 5560 ||| FLEEEEING.
  5561 | D:5      | 5561 ||| FLEEEEING.
  5562 | D:5      | 5562 ||| FLEEEEING.
  5563 | D:5      | 5563 ||| FLEEEEING.
  5578 | D:5      | 5578 ||| FLEEEEING.
  5579 | D:5      | 5579 ||| FLEEEEING.
  5580 | D:5      | 5580 ||| FLEEEEING.
  5581 | D:5      | 5581 ||| FLEEEEING.
  5582 | D:5      | 5582 ||| FLEEEEING.
  5583 | D:5      | 5583 ||| FLEEEEING.
  5584 | D:5      | 5584 ||| FLEEEEING.
  5585 | D:5      | 5585 ||| FLEEEEING.
  5586 | D:5      | 5586 ||| FLEEEEING.
  5587 | D:5      | 5587 ||| FLEEEEING.
  5592 | D:5      | 5592 ||| FLEEEEING.
  5596 | D:5      | 5596 ||| FLEEEEING.
  5597 | D:5      | 5597 ||| FLEEEEING.
  5599 | D:5      | 5599 ||| STAIRDANCE
  5629 | D:4      | 5629 ||| UPGRADING to ring of resist corrosion.
  5630 | D:4      | 5630 ||| READING scroll labelled YPOROSU FONLE.
  5631 | D:4      | 5631 ||| READING scroll labelled MOQELE ROJIA.
  5632 | D:4      | 5632 ||| READING scroll labelled ZAAWKA DAXOL.
  5633 | D:4      | 5633 ||| DRINKING 2 sapphire potions.
  5634 | D:4      | 5634 ||| DRINKING 2 silvery potions.
  5635 | D:4      | 5635 ||| DROPPING potion of attraction.
  5685 | D:5      | 5685 ||| READING scroll of enchant armour.
  5685 | D:5      | 5685 ||| ENCHANTING +0 plate armour.
  5711 | D:5      | 5711 ||| Stepping ~*~*~tactically~*~*~ (hiding).
  5727 | D:5      | Slain by a wight

Levels and vault maps discovered:
D:1:      tarquinn_simple_flora_water_d, layout_basic
D:2:      layout_basic, lexackson_kobold_supper
D:3:      layout_basic, mainiacjoe_overflow_concentric_impassable,
          portal_sewer_entry_f, kennysheep_nub, uniq_robin, uniq_grinder
D:4:      layout_rooms
D:5:      layout_basic, nicolae_overflow_crystal_walls, minmay_misc_feat_tiny,
          minmay_pentangle, uniq_ijyb

Skill      XL: |  1  2  3  4  5  6  7  8 |
---------------+-------------------------+-----
Axes           | 3 4 5 6 7 8 9 |  9.9
Armour         | 3 4 |  4.4
Fighting       | 4 |  4.1
Throwing       | |  1.0
Dodging        | |  2.1
Spellcasting   | |  2.0
Translocations | |  2.4

Action                   |  1- 3 |  4- 6 |  7- 9 || total
-------------------------+-------+-------+-------++-------
Melee: Hand axe          |    50 |   236 |   145 ||   431
       Kick              |    12 |    58 |    56 ||   126
       Peck              |     9 |    33 |    33 ||    75
       Punch             |     1 |       |     2 ||     3
Throw: Boomerang         |     7 |       |       ||     7
  Use: Scroll            |     2 |     7 |     5 ||    14
       Potion            |       |       |     3 ||     3
Armor: Leather armour    |     5 |       |       ||     5
       Ring mail         |     5 |    39 |       ||    44
       Plate armour      |       |    74 |    77 ||   151
Dodge: Dodged            |    26 |    74 |    30 ||   130

Table legend:
 A = Non-vault XP
 B = Vault XP
 C = Vault XP percentage of total XP
 D = Non-vault monster count
 E = Vault monster count
 F = Vault count percentage of total count
                 A         B        C        D         E       F
            +---------+---------+-------+---------+---------+-------
      Total |    1466 |     614 |  29.5 |     104 |      40 |  27.8
            +---------+---------+-------+---------+---------+-------
        D:1 |      30 |       0 |   0.0 |      18 |       0 |   0.0
        D:2 |     152 |      11 |   6.7 |      32 |       8 |  20.0
        D:3 |      50 |     305 |  85.9 |      20 |      16 |  44.4
        D:4 |     364 |       0 |   0.0 |      17 |       0 |   0.0
        D:5 |     870 |      40 |   4.4 |      17 |       2 |  10.5
      Sewer |       0 |     258 | 100.0 |       0 |      14 | 100.0
            +---------+---------+-------+---------+---------+-------
